 Dungeon Crawl Stone Soup version 0.30-b1-2-g02819fbbbe (webtiles) character file.

Game seed: 1014415824377822786

2716 LLlMATKO the Cleaver (level 9, -4/81 HPs)
             Began as a Minotaur Berserker on May 29, 2023.
             Was a Priest of Trog.
             Slain by an orc warrior
             ... wielding a +2 flail of protection
              (7 damage)
             ... on level 6 of the Dungeon.
             The game lasted 00:04:22 (4566 turns).

LLlMATKO the Cleaver (Minotaur Berserker)           Turns: 4566, Time: 00:04:23

Health: -4/81      AC: 10    Str: 25    XL:     9   Next: 39%
Magic:  8/8        EV: 12    Int:  4    God:    Trog [***...]
Gold:   394        SH:  5    Dex: 11    Spells: 8/8 levels left

rFire   . . .        a - +0 hand axe
rCold   . . .        q - +0 buckler
rNeg    . . .        y - +0 scale mail
rPois   .            (helmet restricted)
rElec   .            (no cloak)
rCorr   .            g - +1 pair of gloves
SInv    .            (no boots)
Will    .....        E - amulet of regeneration Stlth
                     (no ring)
HPRegen 1.13/turn    (no ring)
MPRegen 0.11/turn

%: no passive effects
@: no status effects
A: horns 2, retaliatory headbutt
a: Renounce Religion, Berserk, Trog's Hand


You were on level 6 of the Dungeon.
You worshipped Trog.
Trog was most pleased with you.
You visited 1 branch of the dungeon, and saw 6 of its levels.

You collected 394 gold pieces.

Inventory:

Hand Weapons
 a - a +0 hand axe (weapon)
Missiles
 c - 12 poisoned darts (quivered)
Armour
 g - a +1 pair of gloves (worn)
 q - a +0 buckler (worn)
 y - a +0 scale mail (worn)
Jewellery
 E - an amulet of regeneration (around neck)
Scrolls
 b - a scroll of poison {unknown}
 d - 2 scrolls of magic mapping {unknown}
 l - 2 scrolls of vulnerability {unknown}
 m - 4 scrolls of teleportation {unknown}
 n - a scroll of noise {unknown}
 p - 3 scrolls of immolation {unknown}
 s - 2 scrolls of blinking {unknown}
 t - 4 scrolls of amnesia {unknown}
 u - a scroll of fog {unknown}
 v - 6 scrolls of identify {unknown}
 F - a scroll of enchant armour {unknown}
Potions
 e - 3 potions of curing {unknown}
 f - a potion of might {unknown}
 h - 2 potions of magic {unknown}
 i - 2 potions of lignification {unknown}
 j - 4 potions of heal wounds {unknown}
 k - 3 potions of haste {unknown}
 o - 2 potions of resistance {unknown}
 r - 6 potions of mutation {unknown}
 w - a potion of cancellation {unknown}
 x - 2 potions of degeneration {unknown}
 z - a potion of brilliance {unknown}
 A - 2 potions of invisibility {unknown}
 B - 2 potions of flight {unknown}
 C - 2 potions of attraction {unknown}
 D - a potion of ambrosia {unknown}


   Skills:
 + Level 7.8 Fighting
 + Level 8.0 Axes
 + Level 7.3 Armour
 + Level 6.7 Dodging
 + Level 6.4 Shields


You had 8 spell levels left.
You didn't know any spells.
Your spell library was empty.

Dungeon Overview and Level Annotations

Branches:
Dungeon (6/15)             Temple (0/1) D:4

Altars:
Kikubaaqudgha
Nemelex Xobeh
Sif Muna
Trog
Zin

Shops:
D:4 :   D:5 *


Innate Abilities, Weirdness & Mutations

You have a pair of horns on your head.
You reflexively headbutt those who attack you in melee.


Message History

* * * LOW HITPOINT WARNING * * *
The orc warrior hits you with a +2 flail of protection!
* * * LOW HITPOINT WARNING * * *
The orc throws a boomerang.
The boomerang hits you but does no damage.
Unknown command.
You bump into the rock wall.
The orc warrior hits you with a +2 flail of protection.
* * * LOW HITPOINT WARNING * * *
You hear some strange, mumbled words.
Something tries to affect you, but you resist.
Unknown command.
You closely miss the orc warrior.
The orc warrior is severely wounded.
You hit something but do no damage. The orc warrior barely misses you.
Something hits you but does no damage.
Unknown command.
You miss something. You barely miss the orc warrior. Something hits you.
* * * LOW HITPOINT WARNING * * *
Unknown command.
You are too confused!
You miss the orc. You hit something but do no damage. You miss the orc warrior.
The orc warrior hits you but does no damage.
The orc hits you but does no damage. Something hits you but does no damage.
Unknown command.
The orc warrior hits you with a +2 flail of protection!
* * * LOW HITPOINT WARNING * * *
Unknown command.
You bump into the rock wall.
The orc warrior hits you with a +2 flail of protection.
* * * LOW HITPOINT WARNING * * *
The orc misses you.
Unknown command.
You bump into the rock wall.
The orc warrior closely misses you. The orc hits you but does no damage.
Unknown command.
You bump into the rock wall.
You feel less confused.
The orc warrior hits you with a +2 flail of protection!
You die...

#.....≈.....#..#
..##..##..
##...≈≈≈≈≈...##) ..
..###.. #......≈......#
.. #.....)≈...)†.#
#......[..)...#
#.......:.....#
#.............#
##...#####...####
#......[....#.@##
##.........##{oo## ####.
###.....#####...##......
###'#### ##....)......
#....###..##..####..
####..#..###..# ##...##
#.## #..## #.# #..## #.#


You could see an orc warrior and an orc.

Vanquished Creatures
  A troll (D:6)
  Prince Ribbit (D:6)
  Sigmund (D:3)
  Duvessa (D:5)
  2 water moccasins
  2 ice beasts (D:6)
  3 black bears
  A sky beast (D:6)
  3 ogres
  3 centaurs
  A phantom (D:6)
  Blork the orc (D:6)
  A scorpion (D:6)
  Dowan (D:5)
  A vampire bat (D:5)
  A howler monkey (D:5)
  A hound (D:4)
  An orc priest (D:4)
  3 iguanas
  An orc wizard (D:4)
  7 gnolls
  7 adders
  A white imp (D:6)
  2 worms (D:2)
  3 fire bats (D:5)
  8 orcs
  2 spectral bats (D:5)
  3 bat skeletons (D:5)
  A bat zombie (D:5)
  7 endoplasms
  2 giant cockroaches (D:1)
  8 goblins
  10 hobgoblins
  5 jackals
  8 quokkas
  10 ball pythons
  12 bats
  A bat simulacrum (D:5)
  3 frilled lizards
  4 kobolds
  5 rats
139 creatures vanquished.

Notes
Turn   | Place    | Note
-------+----------+-------------------------------------------
     0 | D:1      | LLlMATKO the Minotaur Berserker began the quest for the
                  | Orb.
     0 | D:1      | Reached XP level 1. HP: 19/19 MP: 0/0
     2 | D:1      | Noticed an electric eel
    55 | D:1      | Reached XP level 2. HP: 27/27 MP: 1/1
   317 | D:1      | Reached skill level 4 in Axes
   362 | D:1      | Reached XP level 3. HP: 30/33 MP: 2/2
   671 | D:2      | Reached ** piety under Trog
  1203 | D:2      | Reached XP level 4. HP: 40/40 MP: 3/3
  1207 | D:2      | Found a sparkling altar of Nemelex Xobeh.
  2037 | D:3      | Noticed Sigmund
  2048 | D:3      | Killed Sigmund
  2049 | D:3      | Reached skill level 5 in Axes
  2049 | D:3      | Reached XP level 5. HP: 47/47 MP: 4/4
  2079 | D:3      | Found an ancient bone altar of Kikubaaqudgha.
  2162 | D:4      | Reached XP level 6. HP: 48/55 MP: 5/5
  2274 | D:4      | Reached skill level 5 in Fighting
  2671 | D:4      | Reached *** piety under Trog
  2788 | D:4      | Found Zuttan's Book Emporium.
  2824 | D:4      | Found a staircase to the Ecumenical Temple.
  2896 | D:4      | Reached XP level 7. HP: 51/61 MP: 6/6
  2963 | D:5      | Entered Level 5 of the Dungeon
  3000 | D:5      | Reached skill level 5 in Armour
  3033 | D:5      | Reached skill level 6 in Axes
  3110 | D:5      | Found a bloodstained altar of Trog.
  3124 | D:5      | Reached skill level 5 in Dodging
  3124 | D:5      | Reached XP level 8. HP: 50/70 MP: 7/7
  3488 | D:5      | Found a shimmering blue altar of Sif Muna.
  3591 | D:5      | Found Zin's Purification Station.
  3596 | D:5      | Found a glowing silver altar of Zin.
  3610 | D:5      | Noticed Dowan
  3611 | D:5      | Noticed Duvessa
  3628 | D:5      | Killed Duvessa
  3638 | D:5      | Killed Dowan
  3826 | D:5      | Reached skill level 5 in Shields
  4195 | D:6      | Noticed Prince Ribbit
  4207 | D:6      | Reached skill level 7 in Axes
  4223 | D:6      | Killed Prince Ribbit
  4296 | D:6      | Reached XP level 9. HP: 68/79 MP: 8/8
  4372 | D:6      | Noticed a troll
  4372 | D:6      | Noticed Blork the orc
  4389 | D:6      | Killed Blork the orc
  4392 | D:6      | Killed a troll
  4396 | D:6      | Reached skill level 8 in Axes
  4564 | D:6      | HP: 1/81 [orc warrior/+2 flail of protection (5)]
  4566 | D:6      | Slain by an orc warrior

Illustrated notes

Levels and vault maps discovered:
D:1:      arrival_aquarium_a, layout_basic
D:2:      layout_basic, basic_altar
D:3:      corexii_shack_village, layout_basic, lemuel_coloured_pillars_altar,
          wander_ebering_terrifying_dragon_lair, uniq_sigmund
D:4:      nicolae_BIG_FREAKIN_CUBE, layout_gridville,
          minmay_temple_entry_poolview, serial_shops,
          nicolae_shop_real_fake_doors, minmay_manual_mares
D:5:      layout_loops_corners, led_sif_pool, trog_ov_bears_minmay, zin_purify,
          goddamned_bats, uniq_duvessa
D:6:      layout_layer_cave, kennysheep_mini, grunt_potential, uniq_maggie,
          uniq_blork_the_orc, uniq_edmund, uniq_prince_ribbit1

Skill      XL: |  1  2  3  4  5  6  7  8  9 |
---------------+----------------------------+-----
Axes           | 4 5 6 7 8 |  8.0
Fighting       | 4 5 6 7 |  7.8
Armour         | 3 4 5 6 7 |  7.3
Dodging        | 3 4 5 6 |  6.7
Shields        | 2 3 4 5 6 |  6.4

Action                     |  1- 3 |  4- 6 |  7- 9 || total
---------------------------+-------+-------+-------++-------
  Melee: Hand axe          |    83 |    91 |   180 ||   354
         Headbutt          |    15 |    16 |    35 ||    66
         Punch             |     2 |       |       ||     2
  Throw: Dart              |     1 |       |     7 ||     8
 Invoke: Berserk           |     1 |     3 |     4 ||     8
         Trog's Hand       |       |       |     1 ||     1
 Armour: Animal skin       |    21 |    16 |       ||    37
         Scale mail        |       |    12 |   111 ||   123
  Dodge: Dodged            |    48 |    47 |   110 ||   205
  Block: Buckler           |       |     9 |    49 ||    58
